 Dungeon Crawl Stone Soup version 0.28-a0-1202-g1e6f1b2279 (webtiles) character file.

Game seed: 9652667722728140448

5670 Htamos the Arsonist (level 10, -2/91 HPs)
             Began as a Tengu Fire Elementalist on Dec 20, 2021.
             Was a Follower of Vehumet.
             Slain by a yak (5 damage)
             ... on level 10 of the Dungeon.
             The game lasted 00:31:09 (13459 turns).

Htamos the Arsonist (Tengu Fire Elementalist)      Turns: 13459, Time: 00:31:09

Health: -2/91      AC:  9    Str: 16    XL:     10   Next: 75%
Magic:  3/15       EV: 12    Int: 21    God:    Vehumet [*.....]
Gold:   159        SH: 10    Dex: 16    Spells: 5/15 levels left

rFire   . . .      SeeInvis .   H - +3 long sword "Bymes" {protect, rN+ rCorr Str+4}
rCold   . . .      Faith    .   M - +0 kite shield
rNeg    + . .      Spirit   .   R - +0 troll leather armour
rPois   .          Reflect  .   (helmet restricted)
rElec   .          Harm     .   E - scarf {+Inv}
rCorr   +          Rampage  .   s - +0 pair of gloves
Will    .....                   (boots unavailable)
Stlth   ..........              (no amulet)
HPRegen 1.05/turn               o - +4 ring of protection
MPRegen 0.14/turn               k - +6 ring of intelligence

@: berserking, lethally poisoned (-2 -> -3), flying quickly and evasively,
slowed, studying Unarmed Combat, quick
A: beak, talons 3, nimble flight
a: Renounce Religion, Evoke Invisibility


You were on level 10 of the Dungeon.
You worshipped Vehumet.
Vehumet was aware of your devotion.
You visited 2 branches of the dungeon, and saw 11 of its levels.

You collected 481 gold pieces.
You spent 322 gold pieces at shops.

Inventory:

Hand Weapons
 i - a +0 whip
 t - a +0 quarterstaff
 u - a +1 mace of venom
 A - a +1 whip of protection
 B - a +2 short sword of flaming
 G - a +2 dagger of draining
 H - the +3 long sword "Bymes" (weapon) {protect, rN+ rCorr Str+4}
   (You found it on level 6 of the Dungeon)

   It grants its wielder temporary protection when it strikes (+7 to AC).
   Str:       It affects your strength (+4).
   rN:        It protects you from negative energy.
   rCorr:     It protects you from acid and corrosion.
Missiles
 e - 3 throwing nets
 f - 60 poisoned darts
 P - 3 curare-tipped darts
Armour
 a - a +0 robe
 g - a +0 leather armour
 m - a scarf of harm
 s - a +0 pair of gloves (worn)
 E - a scarf of invisibility (worn)
 L - a +0 cloak
 M - a +0 kite shield (worn)
 N - +0 steam dragon scales
 O - a +2 leather armour of cold resistance
 R - a +0 troll leather armour (worn)
Jewellery
 k - a +6 ring of intelligence (right hand)
 o - a +4 ring of protection (left hand)
 v - a +6 ring of strength
 K - a ring of protection from fire
Wands
 b - a wand of charming (2)
 w - a wand of acid (6)
 C - a wand of polymorph (3)
 Q - a wand of digging (5)
Scrolls
 c - 4 scrolls of vulnerability
 d - 2 scrolls of silence
 j - 2 scrolls of holy word
 l - a scroll of immolation
 n - 3 scrolls of amnesia
 r - 2 scrolls of blinking
 y - 2 scrolls of fear
 D - a scroll of brand weapon
 I - a scroll of identify {@rr}
Potions
 h - a potion of lignification {unknown}
 p - a potion of cancellation
 q - 2 potions of degeneration {unknown}
 x - 4 potions of flight
 z - a potion of brilliance {unknown}
 F - a potion of might {unknown}


   Skills:
 + Level 6.4 Fighting
 - Level 2.6 Dodging
 - Level 2.0 Stealth
 * Level 5.2 Shields
 - Level 3.0 Spellcasting
 + Level 8.9 Conjurations
 * Level 10.9 Fire Magic
 + Level 5.4 Evocations


You had 5 spell levels left.
You knew the following spells:

 Your Spells              Type           Power      Damage    Failure   Level
a - Foxfire               Conj/Fire      100%       2x1d9     1%          1
b - Scorch                Fire           98%        2d10      1%          2
c - Conjure Flame         Conj/Fire      45%        6-21      3%          3
d - Flame Wave            Conj/Fire      45%        2d8       10%         4

Your spell library contained the following spells:

 Spells                   Type           Power      Damage    Failure   Level
 Magic Dart               Conj           100%       1d8       1%          1
 Shock                    Conj/Air       84%        1d8       10%         1
 Inner Flame              Hex/Fire       26%        N/A       19%         3
 Animate Skeleton         Necr           6%         N/A       50%         1
 Apportation              Tloc           6%         N/A       50%         1
 Slow                     Hex            12%        N/A       50%         1
 Summon Small Mammal      Summ           12%        N/A       50%         1
 Ensorcelled Hibernation  Hex/Ice        6%         N/A       65%         2
 Confusing Touch          Hex            3%         N/A       86%         3
 Gell's Gravitas          Tloc           3%         N/A       86%         3
 Lesser Beckoning         Tloc           3%         N/A       86%         3
 Spider Form              Tmut/Pois      3%         N/A       86%         3
 Swiftness                Air            3%         N/A       86%         3
 Teleport Other           Tloc           3%         N/A       86%         3
 Vampiric Draining        Necr           3%         2d6       86%         3
 Airstrike                Air            1%         N/A       99%         4


Dungeon Overview and Level Annotations

Branches:
Dungeon (10/15)            Temple (1/1) D:6
   Lair: D:8-11         Orc: D:9-12

Altars:
Kikubaaqudgha
Nemelex Xobeh
Okawaru
Sif Muna
Trog
Vehumet
Yredelemnul
The Shining One

Shops:
D:1 [[   D:6 *

Annotations:
D:1 exclusion: downstairs
D:3 Ijyb
D:7 Joseph
D:8 Harold
D:9 2 transporters, ChaosChampion's ghost, novice DECj


Innate Abilities, Weirdness & Mutations

You have a beak for a mouth.
You have claws for feet.
Your magical nature lets you fly swiftly and evasively.


Message History

The curare-tipped dart hits you.
You are poisoned.
You have difficulty breathing.
You feel yourself slow down.
You feel very sick.
A gnoll comes into view. It is wielding a +0 flail.
You feel sick.
The gnoll shouts!
You hear a shout! x2
You feel sick.
The kobold brigand hits you but does no damage.
A kobold comes into view. It is wielding a +0 dagger.
The kobold brigand hits you with a +0 dagger.
You block the yak's attack.
A kobold comes into view. It is wielding a +0 club.
You feel sick.
The kobold brigand throws a curare-tipped dart.
The curare-tipped dart hits you.
You are more poisoned.
You have difficulty breathing.
You feel as though you will be slow longer.
You block the kobold's attack.
You feel very sick. You block the yak's attack.
You feel very sick.
The kobold throws a stone.
The stone hits you but does no damage. You block the yak's attack.
You feel very sick.
The kobold throws a stone.
You block the stone.
You feel sick. The yak gores you!
* * * LOW HITPOINT WARNING * * *
A gnoll comes into view. It is wielding a +0 spear.
You feel sick. You block the yak's attack. The yak gores you!
* * * LOW HITPOINT WARNING * * *
You feel sick. The kobold misses you.
Unknown command.
A red film seems to cover your vision as you go berserk!
You feel yourself moving faster!
You feel mighty!
You feel sick. The yak gores you.
* * * LOW HITPOINT WARNING * * *
You block the kobold's attack. The yak gores you.
You die...

........####...........
.......l##<.Kg.........
......g..[.##K.........
............#...K######.
####..#####.#.##K.......
####.K...##.g...gg.(....
......##.#....K#Kl......
...........g..gYY.......
########)..#..##@Y......
##......#.[##........
#..........##........
#...#.###..>.....$...
#####.# #.##.........
#.l #.####....... ###
#.# ....... ..g .......
...


You could see a komodo dragon, 3 yaks, a kobold brigand, a gnoll sergeant, 4
gnolls and 3 kobolds.

Vanquished Creatures
  Pikel (D:7)
  A komodo dragon (D:9)
  A kobold demonologist (D:8)
  A troll (D:10)
  A hornet (D:9)
  Grinder (D:5)
  A wyvern (D:6)
  5 yaks
  2 steam dragons (D:8)
  A water moccasin (D:7)
  An orc warrior (D:8)
  A sky beast (D:5)
  A black bear (D:6)
  An ogre (D:7)
  3 necrophages
  A centaur (D:9)
  3 lemures
  A phantom (D:4)
  10 kobold brigands
  A bullfrog (D:6)
  A gnoll sergeant (D:8)
  4 scorpions
  A wyvern skeleton (D:7)
  A water moccasin skeleton (D:7)
  2 jellies
  5 wights
  A howler monkey (D:4)
  A hound (D:6)
  3 orc priests
  4 iguanas
  4 orc wizards
  A hound zombie (D:5)
  A hound skeleton (D:4)
  2 howler monkey zombies
  5 gnolls
  13 adders
  A shadow imp (D:6)
  A white imp (D:5)
  A dart slug (D:2)
  20 orcs
  4 endoplasms
  2 giant cockroaches
  3 goblins
  5 hobgoblins
  3 jackals (D:4)
  4 quokkas
  3 ball pythons
  9 bats
  2 frilled lizards
  19 kobolds
  5 rats
169 creatures vanquished.

Vanquished Creatures (collateral kills)
  A foxfire (D:6)
1 creature vanquished.

Vanquished Creatures (others)
  525 foxfires
525 creatures vanquished.

Grand Total: 695 creatures vanquished

Notes
Turn   | Place    | Note
-------+----------+-------------------------------------------
     0 | D:1      | Htamos the Tengu Fire Elementalist began the quest for the
                  | Orb.
     0 | D:1      | Reached XP level 1. HP: 10/10 MP: 4/4
   157 | D:1      | Found Niylaorr's Armour Boutique.
   218 | D:1      | Found Usitryll's Armour Shop.
   322 | D:1      | Reached XP level 2. HP: 15/15 MP: 0/6
   744 | D:1      | Learned a level 2 spell: Scorch
   847 | D:1      | Found a faded altar of an unknown god.
  1445 | D:2      | Reached XP level 3. HP: 20/20 MP: 1/7
  1600 | D:2      | Reached skill level 4 in Fire Magic
  1801 | D:2      | Found a glowing golden altar of the Shining One.
  1845 | D:2      | Reached skill level 1 in Fighting
  1845 | D:2      | Reached XP level 4. HP: 24/25 MP: 3/8
  2690 | D:3      | Noticed Ijyb
  3819 | D:4      | Reached skill level 5 in Fire Magic
  3819 | D:4      | Gained mutation: Your magical nature lets you fly swiftly
                  | and evasively. [Tengu growth]
  3819 | D:4      | Reached XP level 5. HP: 25/30 MP: 2/9
  3901 | D:4      | You are sucked into a shaft and drop 3 floors!
  4123 | D:7      | Noticed a kobold brigand
  4128 | D:7      | Noticed a komodo dragon
  4143 | D:7      | Killed a kobold brigand
  4144 | D:7      | Reached XP level 6. HP: 36/36 MP: 0/10
  4352 | D:7      | Reached skill level 6 in Fire Magic
  4388 | D:7      | Noticed a necrophage
  4390 | D:7      | Killed a necrophage
  4391 | D:7      | Reached XP level 7. HP: 41/41 MP: 6/11
  4689 | D:7      | Noticed Joseph
  4756 | D:6      | Found Wevok's Neck Hole.
  4762 | D:6      | Bought a scarf of invisibility for 132 gold pieces
  4774 | D:6      | Noticed a wyvern
  4926 | D:6      | Identified the +3 long sword "Bymes" {protect, rN+ rCorr
                  | Str+4}
  4970 | D:6      | Reached skill level 5 in Conjurations
  5051 | D:6      | Reached skill level 1 in Evocations
  5087 | D:6      | Reached skill level 7 in Fire Magic
  5467 | D:6      | Found a staircase to the Ecumenical Temple.
  5476 | Temple   | Entered the Ecumenical Temple
  5490 | Temple   | Became a worshipper of Vehumet
  5503 | D:6      | Killed a wyvern
  5504 | D:6      | Reached XP level 8. HP: 48/48 MP: 4/12
  5884 | D:5      | Entered Level 5 of the Dungeon
  5972 | D:6      | Reached skill level 8 in Fire Magic
  6031 | D:5      | Noticed Grinder
  6037 | D:5      | Killed Grinder
  6428 | D:5      | Noticed a yak
  6514 | D:5      | Killed a yak
  6515 | D:5      | Reached XP level 9. HP: 53/53 MP: 1/13
  6686 | D:5      | Learned a level 3 spell: Conjure Flame
  6691 | D:5      | Learned a level 4 spell: Flame Wave
  7274 | D:4      | Reached skill level 5 in Fighting
  7274 | D:4      | Reached skill level 9 in Fire Magic
  8540 | D:7      | Reached * piety under Vehumet
  8540 | D:7      | Offered knowledge of Magic Dart by Vehumet.
  8593 | D:7      | Noticed Pikel
  8829 | D:7      | Reached skill level 1 in Shields
  9117 | D:7      | Killed Pikel
  9380 | D:1      | Bought a +2 leather armour of cold resistance for 190 gold
                  | pieces
  9897 | D:8      | Noticed Harold
 10249 | D:8      | Reached XP level 10. HP: 60/60 MP: 5/15
 10333 | D:8      | Reached skill level 10 in Fire Magic
 10556 | D:8      | Noticed a kobold demonologist
 10563 | D:8      | Killed a kobold demonologist
 10818 | D:8      | Reached skill level 5 in Evocations
 12142 | D:9      | Found a transporter.
 12143 | D:9      | Noticed a moth of wrath
 12160 | D:9      | Found a transporter.
 12164 | D:9      | Noticed a two-headed ogre
 12165 | D:9      | Found a bloodstained altar of Trog.
 12165 | D:9      | Noticed a two-headed ogre
 12165 | D:9      | Noticed a two-headed ogre
 12165 | D:9      | Noticed a tengu warrior
 12165 | D:9      | Noticed a two-headed ogre
 12167 | D:9      | Noticed ChaosChampion's ghost (novice DECj)
 12611 | D:9      | Reached skill level 5 in Shields
 13242 | D:10     | Entered Level 10 of the Dungeon
 13459 | D:10     | HP: 3/91 [yak (4)]
 13459 | D:10     | Slain by a yak

Illustrated notes

Levels and vault maps discovered:
D:1:      nagdon_arrival_zigzag_paths, layout_basic, serial_shops, shop,
          nicolae_lakefront_shop, shapermc_ecumenical_altar_pompeii
D:2:      layout_basic, basic_altar
D:3:      layout_loops_corners, serial_park_tiny_1, uniq_ijyb
D:4:      layout_basic, kennysheep_big_empty_room, hangedman_decor_peaks_small
D:5:      layout_basic, minmay_manual_mess, uniq_grinder
D:6:      layout_gridville, minmay_temple_entry_antechambers,
          nicolae_shop_sticking_my_neck_out
D:7:      layout_basic, chequers_serial_rivers_micro_b, uniq_pikel, uniq_joseph
D:8:      layout_gridville, special_room [special_room_kobold], uniq_harold
D:9:      layout_stronghold, gammafunk_ghost_wrathful_warriors
D:10:     layout_rooms, slow_altar_2, lair_entry_dummy, uniq_josephine
Temple:   nicolae_temple_the_god_donut

Skill      XL: |  1  2  3  4  5  6  7  8  9 10 |
---------------+-------------------------------+-----
Conjurations   | 2 3 4 5 7 8 |  8.9
Fire Magic     | 4 5 6 7 8 9 10 | 10.9
Fighting       | 1 2 3 4 5 6 |  6.4
Evocations     | 2 3 4 5 |  5.4
Shields        | 3 5 |  5.2
Spellcasting   | 3 |  3.0
Dodging        | |  2.6
Stealth        | |  2.0

Action                   |  1- 3 |  4- 6 |  7- 9 | 10-12 || total
-------------------------+-------+-------+-------+-------++-------
Melee: Whip              |     4 |       |       |       ||     4
       Peck              |     1 |       |       |     2 ||     3
       Mace              |       |     4 |       |       ||     4
       Long sword        |       |       |     2 |     7 ||     9
       Kick              |       |       |       |     2 ||     2
 Cast: Foxfire           |    58 |    57 |   151 |    72 ||   338
       Scorch            |     6 |    12 |    85 |    67 ||   170
       Flame Wave        |       |       |       |     3 ||     3
Evoke: Wand              |       |       |       |     1 ||     1
  Use: Potion            |       |     1 |       |     9 ||    10
       Scroll            |       |       |     7 |     9 ||    16
Armor: Robe              |    10 |     5 |    14 |       ||    29
       Leather armour    |       |       |     1 |     8 ||     9
       Troll leather arm |       |       |       |     4 ||     4
Dodge: Dodged            |    15 |     8 |    45 |    40 ||   108
Block: Kite shield       |       |       |       |     8 ||     8

Table legend: (Time is in decaauts)
 A = Elapsed time spent in this place.
 B = Non-inter-level travel time spent in this place.
 C = Inter-level travel time spent in this place.
 D = Time resting spent in this place.
 E = Time spent auto-exploring this place.
 F = Levels seen in this place.
 G = Mean time per level.
                   A        B        C        D        E       F      G
               +--------+--------+--------+--------+--------+-----+--------+
         Total |  12978 |  12012 |    966 |   1164 |   8709 |  11 | 1179.8 |
       Dungeon |  12958 |  11992 |    966 |   1164 |   8706 |  10 | 1295.8 |
        Temple |     20 |     20 |      0 |      0 |      2 |   1 |   20.0 |
               +--------+--------+--------+--------+--------+-----+--------+

Top non-repeatable levels by time:
     D:8: 2016 daAuts
     D:7: 1554 daAuts
     D:2: 1531 daAuts
     D:5: 1333 daAuts
     D:9: 1313 daAuts
     D:6: 1286 daAuts
     D:3: 1263 daAuts
     D:1: 1225 daAuts
     D:4: 1222 daAuts
    D:10: 210 daAuts
  Temple: 20 daAuts
